 Dungeon Crawl Stone Soup version 0.30.1 (webtiles) character file.

Game seed: 12980870628978980444

103 javelincjr the Caller (level 4, -3/32 HPs)
             Began as a Demonspawn Summoner on July 13, 2023.
             Slain by a steam dragon (9 damage)
             ... on level 4 of the Dungeon.
             The game lasted 00:13:36 (3117 turns).

javelincjr the Caller (Demonspawn Summoner)         Turns: 3117, Time: 00:13:37

Health: -3/32      AC:  5    Str:  9    XL:     4   Next: 51%
Magic:  0/8        EV: 12    Int: 23    God:
Gold:   170        SH:  0    Dex: 13    Spells: 2/8 levels left

rFire   . . .        f - +3 dagger (venom)
rCold   . . .        p - orb {mayhem}
rNeg    . . .        w - +1 robe of the Hanged Man {Int+5}
rPois   .            j - +0 helmet
rElec   .            (no cloak)
rCorr   .            e - +0 pair of gloves
SInv    .            (no boots)
Will    .....        k - amulet of guardian spirit
Stlth   ++           (no ring)
HPRegen 0.25/turn    (no ring)
MPRegen 0.11/turn

%: mayhem, guardian spirit
@: no status effects
A: claws 2, condensation shield
a: no special abilities


You were on level 4 of the Dungeon.
You visited 2 branches of the dungeon, and saw 5 of its levels.

You collected 170 gold pieces.

Inventory:

Hand Weapons
 f - a +3 dagger of venom (weapon)
Armour
 e - a +0 pair of gloves (worn)
 j - a +0 helmet (worn)
 p - an orb of mayhem (worn)
 v - a +2 robe of willpower
 w - the +1 robe of the Hanged Man (worn) {Int+5}
   (You found it on level 3 of the Dungeon)

   Int:       It affects your intelligence (+5).
Magical Staves
 q - a staff of cold
Jewellery
 k - an amulet of guardian spirit (around neck)
Scrolls
 m - a scroll of fog
 n - 2 scrolls of vulnerability {unknown}
 t - a scroll of fear {unknown}
 u - a scroll of amnesia {unknown}
Potions
 b - 2 potions of magic
 h - a potion of lignification {unknown}
 o - 2 potions of mutation
 s - 2 potions of curing


   Skills:
 + Level 1.2 Fighting
 + Level 2.2 Dodging
 + Level 2.3 Stealth
 * Level 2.8 Spellcasting
 * Level 4.7 Summonings


You had 2 spell levels left.
You knew the following spells:

 Your Spells              Type           Power      Damage    Failure   Level
a - Summon Small Mammal   Summ           100%       N/A       1%          1
b - Call Imp              Summ           50%        N/A       2%          2
c - Call Canine Familiar  Summ           25%        N/A       4%          3

Your spell library contained the following spells:

 Spells                   Type           Power      Damage    Failure   Level
 Freeze                   Ice            12%        1d3       12%         1
 Cigotuvi's Dreadful Rot  Necr/Pois/Air  6%         N/A       19%         2
 Summon Guardian Golem    Hex/Summ       14%        N/A       14%         3
 Frozen Ramparts          Ice            6%         1d1       34%         3
 Hailstorm                Conj/Ice       3%         3d3       34%         3
 Ignite Poison            Fire/Tmut/Pois 3%         N/A       34%         3
 Summon Lightning Spire   Summ/Air       14%        N/A       41%         4
 Freezing Cloud           Conj/Ice/Air   1%         6-21      97%         5


Dungeon Overview and Level Annotations

Branches:
Dungeon (4/15)             Temple (1/1) D:4

Altars:
Cheibriados
Hepliaklqana
Kikubaaqudgha
Makhleb
Nemelex Xobeh
Okawaru
Qazlal
Ru
Vehumet
Xom

Shops:
D:3 *

Annotations:
D:3 2 transporters, sheffield53's ghost, amateur OpCj


Innate Abilities, Weirdness & Mutations

You have very sharp fingernails.
A meltable shield of frost defends you. (SH +0)


Message History

Unknown command.
You start resting.
Your icy envelope is restored.
You start resting.
Magic restored.
You start resting.
HP restored.
You climb upwards.
Welcome back to the Dungeon!
The steam dragon breathes steam at you. The ball of steam hits you!
Your condensation shield dissipates!
There is a staircase to the Ecumenical Temple here.
Casting: Call Imp (safe; 2% risk of failure)
Confirm with . or Enter, or press ? or * to list all spells.
A tiny devil pulls itself out of the air.
Casting: Call Imp (safe; 2% risk of failure)
Confirm with . or Enter, or press ? or * to list all spells.
You are engulfed in a cloud of scalding steam.
The steam dragon breathes steam at you. The ball of steam hits you!
* * * LOW HITPOINT WARNING * * *
Your cerulean imp is engulfed in a cloud of scalding steam.
Your hound bites the adder.
Your cerulean imp is engulfed in a cloud of scalding steam.
Your cerulean imp dies!
Your cerulean imp disappears in a puff of smoke!
As you read the scroll labelled ANGE IDYUNE, it crumbles to dust.
It is a scroll of enchant weapon.
Your +2 dagger of venom glows red for a moment.
Your hound bites the adder.
The steam dragon closely misses you. The steam dragon claws you.
* * * LOW HITPOINT WARNING * * *
The hobgoblin is engulfed in a cloud of scalding steam.
The hobgoblin closely misses you.
The adder bites your hound but does no damage.
Your hound closely misses the adder.
As you read the scroll labelled ZAOPPANUKH, it crumbles to dust.
The scroll dissolves into smoke.
It was a scroll of fog.
The adder closely misses your hound. The steam dragon bites you!
You die...

#..##.# #...#.#
#...# ###.#
#.######..
##.###........#
#......#h8§####
#....##.§S§§#
#... #8§D@8#
........§g§§#
##.....#§8.#§..
#.........#####
#.........#
#..........
#.......###.
..####


You could see a steam dragon (ally target), an adder (distracted), a hobgoblin
and a friendly hound (summoned).

Vanquished Creatures
  4 adders
  An orc (D:3)
  4 endoplasms
  2 giant cockroaches
  4 goblins
  6 hobgoblins
  A quokka (D:2)
  A ball python (D:3)
  A bat (D:1)
  2 frilled lizards
  3 kobolds
  3 rats
32 creatures vanquished.

Vanquished Creatures (collateral kills)
  An adder (D:3)
  4 ball pythons
  4 endoplasms
  A goblin (D:1)
  3 hobgoblins
  A quokka (D:2)
  4 frilled lizards
  3 kobolds (D:1)
  4 rats
25 creatures vanquished.

Grand Total: 57 creatures vanquished

Notes
Turn   | Place    | Note
-------+----------+-------------------------------------------
     0 | D:1      | javelincjr the Demonspawn Summoner began the quest for the
                  | Orb.
     0 | D:1      | Reached XP level 1. HP: 13/13 MP: 3/3
   294 | D:1      | Gained mutation: You have sharp fingernails. [demonic
                  | ancestry]
   294 | D:1      | Reached XP level 2. HP: 19/19 MP: 1/5
   397 | D:1      | Learned a level 2 spell: Call Imp
  1100 | D:2      | Gained mutation: A meltable shield of frost defends you.
                  | (SH +0) [demonic ancestry]
  1100 | D:2      | Reached XP level 3. HP: 25/25 MP: 3/6
  1431 | D:2      | Reached skill level 1 in Fighting
  1688 | D:2      | Gained mutation: You have very sharp fingernails. [demonic
                  | ancestry]
  1688 | D:2      | Reached XP level 4. HP: 32/32 MP: 5/8
  2025 | D:3      | Found a transporter.
  2213 | D:3      | Found a transporter.
  2216 | D:3      | Noticed sheffield53's ghost (amateur OpCj)
  2232 | D:3      | Found Zin's Purification Station.
  2444 | D:3      | Identified the +1 robe of the Hanged Man {Int+5}
  2978 | D:4      | Found a staircase to the Ecumenical Temple.
  2983 | D:4      | Noticed a steam dragon
  2987 | Temple   | Entered the Ecumenical Temple
  3045 | Temple   | Learned a level 3 spell: Call Canine Familiar
  3117 | D:4      | Slain by a steam dragon

Illustrated notes

Levels and vault maps discovered:
D:1:      dpeg_arrival_chambers_temple_mockup, layout_loops_ring,
          minmay_tiny_reverse_x
D:2:      minmay_skewed_foursquare, layout_basic
D:3:      layout_loops_ring, zin_purify, gammafunk_ghost_stat_death,
          minmay_starry_boxes
D:4:      layout_rooms, minmay_temple_entry_statues_pillars
Temple:   hellmonk_temple_of_storms

Skill      XL: |  1  2  3 |
---------------+----------+-----
Dodging        | 2 |  2.2
Stealth        | 2 |  2.3
Fighting       | 1 |  1.2
Spellcasting   | |  2.8
Summonings     | |  4.7

Action                     |  1- 3 |  4- 6 || total
---------------------------+-------+-------++-------
  Melee: Unarmed           |     3 |       ||     3
         Short sword       |     5 |       ||     5
         Dagger            |    47 |    41 ||    88
         Punch             |     1 |       ||     1
   Cast: Summon Small Mamm |    19 |     4 ||    23
         Call Imp          |    16 |     6 ||    22
         Call Canine Famil |       |     1 ||     1
    Use: Scroll            |       |     5 ||     5
   Stab: Sleeping          |     2 |     2 ||     4
 Armour: Robe              |     8 |     7 ||    15
  Dodge: Dodged            |    30 |    15 ||    45
  Block: Other             |     4 |       ||     4
         Orb               |       |    10 ||    10
